 Dungeon Sprint DCSS version 0.23.2-30-g0e89c35649 (webtiles) character file.

Game seed: 9009382290322510364

6905 Baz the Fighter (level 10, -1/91 HPs)
             Began as a Demonspawn Gladiator on June 24, 2019.
             Was the Champion of Trog.
             Slain by an orc warlord
             ... wielding a +1 battleaxe of venom
              (15 damage)
             ... in the Dungeon (Sprint V: "Ziggurat Sprint").
             The game lasted 00:07:37 (929 turns).

Baz the Fighter (Demonspawn Gladiator)               Turns: 929, Time: 00:07:37

Health: -1/91      AC: 20    Str: 24    XL:     10   Next: 79%
Magic:  10/10      EV: 17    Int:  6    God:    Trog [******]
Gold:   0          SH:  0    Dex: 24    Spells: 9/9 levels left

rFire    + + .     SeeInvis +   w - +7 Screaming Sword {slice, sonic wave}
rCold    . . .     Gourm    .   (no shield)
rNeg     . . .     Faith    .   c - +3 plate armour {rF+}
rPois    .         Spirit   .   (helmet restricted)
rElec    +         Reflect  .   (no cloak)
rCorr    .         Harm     .   (no gloves)
MR       .....     NoTele   +   D - +0 pair of boots {Fly}
Stlth    ..........             Q - amulet of Entrepreneurial Spirit {+Rage rElec Int-3 Dex+3 SInv}
HPRegen  0.25/turn              G - +6 ring of strength
MPRegen  0.12/turn              C - +6 ring of dexterity

@: lethally poisoned (-1 -> -14), flying
A: claws 2, horns 1, talons 1, fire resistance 1, nightstalker 1
a: Berserk, Trog's Hand, Brothers in Arms, Renounce Religion, Evoke Berserk
Rage, Stop Flying


You were in the Dungeon.
You worshipped Trog.
Trog was exalted by your worship.
You were hungry.

You visited 1 branch

Inventory:

Hand Weapons
 a - a +0 long sword
 w - the +7 Screaming Sword (weapon) {slice, sonic wave}
   (You found it in the Dungeon)

   It inflicts extra damage upon your enemies.
 x - the +11 plutonium sword {*Contam Stlth-}
   (You found it in the Dungeon)

   It causes magical contamination when unequipped.
   It makes you less stealthy.
 y - a +5 demon blade
Missiles
 d - 4 throwing nets (quivered)
Armour
 c - a +3 plate armour of fire resistance (worn)
 D - a +0 pair of boots of flying (worn)
 I - the +15 Maxwell's patent armour {-Cast -Tele rElec MR+ rCorr}
   (You found it in the Dungeon)

   It insulates you from electricity.
   It affects your resistance to hostile enchantments.
   It prevents spellcasting.
   It prevents most forms of teleportation.
   It provides partial protection from all sources of acid and corrosion.
 J - +5 fire dragon scales
Jewellery
 b - the ring of Lies {Wiz Dex-4 Slay+5 Stlth+}
   (You found it in the Dungeon)

   [ring of wizardry]

   It improves your spell success rate.
   It affects your dexterity (-4).
   It affects your accuracy and damage with ranged weapons and melee attacks
   (+5).
   It makes you more stealthy.
 o - the ring "Kerrerijei" {rCorr MR+++ MP-9 Int-3 Stlth+}
   (You found it in the Dungeon)

   [ring of resist corrosion]

   It affects your intelligence (-3).
   It affects your resistance to hostile enchantments.
   It affects your magic capacity (-9).
   It makes you more stealthy.
 C - a +6 ring of dexterity (right claw)
 E - a +6 ring of intelligence
 G - a +6 ring of strength (left claw)
 H - a +6 ring of strength
 M - the ring "Wutepef" {+Fly rPois rF+++ rC- Stlth-}
   (You took it off a spriggan rider in the Dungeon)

   [ring of flight]

   It renders you almost immune to fire.
   It makes you vulnerable to cold.
   It protects you from poison.
   It lets you fly.
   It makes you less stealthy.
 Q - the amulet of Entrepreneurial Spirit (around neck) {+Rage rElec Int-3 Dex+3 SInv}
   (You found it in the Dungeon)

   [amulet of rage]

   It affects your intelligence (-3).
   It affects your dexterity (+3).
   It insulates you from electricity.
   It lets you see invisible.
   It lets you go berserk.
Wands
 z - a wand of disintegration (7)
 A - a wand of iceblast (6)
 B - a wand of acid (7)
Scrolls
 k - 4 scrolls of blinking
 r - 4 scrolls of amnesia
 s - 7 scrolls of fog
 t - 5 scrolls of identify
 u - 5 scrolls of remove curse
 v - 2 scrolls of fear
 N - 2 scrolls of brand weapon
Potions
 e - 10 potions of curing
 g - 9 potions of heal wounds
 h - 6 potions of haste
 i - 7 potions of magic
 j - 3 potions of berserk rage
 l - 2 potions of brilliance
 m - 2 potions of invisibility
 n - 4 potions of resistance
 p - 5 potions of agility
 q - 5 potions of might
Miscellaneous
 K - a lamp of fire
 L - a phial of floods
 O - 2 boxes of beasts
Comestibles
 f - 7 rations


   Skills:
 + Level 12.6 Fighting
 + Level 12.4 Long Blades
 - Level 1.7 Throwing
 + Level 12.1 Armour
 + Level 12.4 Dodging


You had 9 spell levels left.
You didn't know any spells.
Your spell library was empty.

Dungeon Overview and Level Annotations

Branches:
Dungeon (1/1)

Altars:
Ashenzari
Cheibriados
Dithmenos
Elyvilon
Fedhas
Gozag
Hepliaklqana
Kikubaaqudgha
Makhleb
Nemelex Xobeh
Okawaru
Qazlal
Ru
Sif Muna
Trog
Uskayaw
Vehumet
Wu Jian
Xom
Yredelemnul
Zin
The Shining One
Beogh
Jiyva
Lugonu


Innate Abilities, Weirdness & Mutations

You have very sharp fingernails.
You have a pair of small horns on your head.
You have sharp toenails.
Your flesh is heat resistant. (rF+)
You are slightly more attuned to the shadows.


Message History

Trog grants you a weapon!
You hear a splash. x3
Your Armour skill increases to level 12!
You kill the orc knight!
Trog accepts your kill.
You hear a splash. x3
Your phial of floods has recharged.
The orc warlord is heavily wounded.
The orc warlord is almost dead.
You headbutt the orc warlord.
The orc warlord is almost dead.
You feel sick.
The orc warlord hits you with a +0 war axe!!
* * * LOW HITPOINT WARNING * * *
You hit the orc warlord. You headbutt the orc warlord.
The orc warlord is almost dead.
* * * LOW HITPOINT WARNING * * *
You feel sick.
The orc warlord hits you with a +1 battleaxe of venom!
You die...

▓..|}})...▓
▓..)[.:}..▓..."=[=..▓
▓.........▓.........▓
▓.........▓......)..▓
▓.........▓..))))...▓
▓.........▓...)))...▓
▓...†).≈).▓...).....▓
▓.▓..).)▓o▓....©....▓
▓....©.)o@▓▓▓▓▓▓▓▓▓▓▓
▓▓▓▓▓▓▓▓▓▓▓


You could see 2 orc warlords.

Vanquished Creatures
  An orc knight (D)
  2 toenail golems (D)
  2 gargoyles (D)
  7 merfolk (D)
  A troll (D)
  2 hornets (D)
  A hippogriff (D)
  4 spriggans (D)
  2 yaks (D)
  A warg (D)
  2 hell hounds (D)
  A porcupine (D)
  3 orc warriors (D)
  3 black bears (D)
  5 wolves (D)
  An ogre (D)
  4 earth elementals (D)
  2 crimson imps (D)
  A quasit (D)
  An orc priest (D)
  2 iron imps (D)
  An orc wizard (D)
  2 adders (D)
  2 river rats (D)
  An ufetubus (D)
  2 adder zombies (D)
  3 bat zombies (D)
  A jackal (D)
  2 ball pythons (D)
62 creatures vanquished.

Vanquished Creatures (collateral kills)
  A merfolk (D)
  An ogre (D)
2 creatures vanquished.

Vanquished Creatures (others)
  A spatial maelstrom (D)
1 creature vanquished.

Grand Total: 65 creatures vanquished

Notes
Turn   | Place    | Note
-------+----------+-------------------------------------------
     0 | D        | Found the +6 Majin-Bo {vamp, Archmagi MP+6 Int+6}
     0 | D        | Found the +7 great mace "Firestarter" {inner flame, rF++}
     0 | D        | Baz the Demonspawn Gladiator began the quest for the Orb.
     0 | D        | Reached XP level 1. HP: 16/16 MP: 1/1
     0 | D        | Found a deep blue altar of Sif Muna.
     0 | D        | Found a sacrificial altar of Ru.
     0 | D        | Found a bloodstained altar of Trog.
     0 | D        | Found a stormy altar of Qazlal.
     0 | D        | Found an iron altar of Okawaru.
     0 | D        | Found a sparkling altar of Nemelex Xobeh.
     0 | D        | Found a blossoming altar of Fedhas.
     0 | D        | Banished a spatial maelstrom
     2 | D        | Found a transporter.
     2 | D        | Found an ancient bone altar of Kikubaaqudgha.
     2 | D        | Found a viscous altar of Jiyva.
     2 | D        | Found a corrupted altar of Lugonu.
     2 | D        | Found a hazy altar of Hepliaklqana.
     2 | D        | Found a burning altar of Makhleb.
     2 | D        | Found an opulent altar of Gozag.
    10 | D        | Found the +9 heavy crossbow "Sniper" {velocity, Acc+∞ SInv}
    10 | D        | Found the +10 dark maul {crush}
    10 | D        | Found the +15 Maxwell's patent armour {-Cast -Tele rElec
                  | MR+ rCorr}
    10 | D        | Found the +18 shield of the Gong {rElec rN+ MR+ EV-5}
    10 | D        | Found the cursed +14 obsidian axe {chop, +Fly SInv *Curse}
    11 | D        | Found the +6 shillelagh "Devastator" {shatter}
    11 | D        | Found the +11 plutonium sword {*Contam Stlth-}
    11 | D        | Found the +8 lance "Wyrmbane" {slay drac, rPois rF+ rC+
                  | AC+3}
    11 | D        | Found the +9 sword of Zonguldrok {reap}
    11 | D        | Found the cursed +13 scythe of Curses {drain, *Curse}
    11 | D        | Found the +0 sword of Power
    11 | D        | Found the +7 mace of Variability {chain chaos}
    11 | D        | Found the +7 Singing Sword {slice, sonic wave}
    11 | D        | Found the +7 longbow "Piercer" {penet, EV-2}
   132 | D        | Gained mutation: You have sharp toenails. [demonic
                  | ancestry]
   132 | D        | Reached XP level 2. HP: 22/22 MP: 2/2
   187 | D        | Became a worshipper of Trog the Wrathful
   199 | D        | Entered arena 2.
   199 | D        | Found a transporter.
   201 | D        | Reached skill level 5 in Long Blades
   201 | D        | Reached skill level 5 in Dodging
   201 | D        | Reached XP level 3. HP: 28/28 MP: 3/3
   202 | D        | Reached * piety under Trog
   206 | D        | Got the ring "Kerrerijei" {rCorr MR+++ MP-9 Int-3 Stlth+}
   209 | D        | Entered arena 3.
   209 | D        | Found a transporter.
   213 | D        | Reached XP level 4. HP: 37/37 MP: 4/4
   213 | D        | Reached ** piety under Trog
   213 | D        | Reached skill level 5 in Armour
   220 | D        | Entered arena 4.
   220 | D        | Found a transporter.
   221 | D        | Reached *** piety under Trog
   221 | D        | Reached XP level 5. HP: 43/43 MP: 5/5
   229 | D        | Entered arena 5.
   229 | D        | Found a transporter.
   232 | D        | Reached **** piety under Trog
   245 | D        | Entered arena 6.
   245 | D        | Noticed a wolf
   245 | D        | Noticed a wolf
   245 | D        | Noticed a black bear
   245 | D        | Noticed a black bear
   245 | D        | Noticed a wolf
   245 | D        | Found a transporter.
   250 | D        | Killed a black bear
   250 | D        | Reached skill level 5 in Fighting
   251 | D        | Killed a wolf
   251 | D        | Gained mutation: You are slightly more attuned to the
                  | shadows. [demonic ancestry]
   251 | D        | Reached XP level 6. HP: 48/52 MP: 6/6
   251 | D        | Gained mutation: You have sharp fingernails. [demonic
                  | ancestry]
   251 | D        | Reached XP level 7. HP: 52/60 MP: 7/7
   251 | D        | Reached ***** piety under Trog
   293 | D        | Entered arena 7.
   300 | D        | Found a transporter.
   331 | D        | Entered arena 8.
   331 | D        | Noticed a spriggan rider
   331 | D        | Noticed a spriggan
   331 | D        | Noticed a spriggan
   335 | D        | Identified the ring "Wutepef" {+Fly rPois rF+++ rC- Stlth-}
   335 | D        | Noticed a spriggan rider
   337 | D        | Killed a spriggan
   337 | D        | Gained mutation: You have very sharp fingernails. [demonic
                  | ancestry]
   337 | D        | Reached XP level 8. HP: 52/69 MP: 8/8
   339 | D        | Reached ****** piety under Trog
   339 | D        | Killed a hornet
   339 | D        | Received a gift from Trog
   344 | D        | Killed a hornet
   344 | D        | Received a gift from Trog
   344 | D        | Reached skill level 10 in Long Blades
   344 | D        | Reached skill level 10 in Dodging
   344 | D        | Gained mutation: You have a pair of small horns on your
                  | head. [demonic ancestry]
   344 | D        | Reached XP level 9. HP: 38/78 MP: 9/9
   523 | D        | Found a transporter.
   536 | D        | Entered arena 9.
   538 | D        | Reached skill level 10 in Fighting
   539 | D        | Found a transporter.
   539 | D        | Reached skill level 10 in Armour
   549 | D        | Got the amulet of Entrepreneurial Spirit {+Rage rElec Int-3
                  | Dex+3 SInv}
   564 | D        | Entered arena 10.
   564 | D        | Noticed a gargoyle
   565 | D        | Noticed a toenail golem
   565 | D        | Noticed a gargoyle
   565 | D        | Noticed a toenail golem
   570 | D        | Killed a gargoyle
   570 | D        | Killed a gargoyle
   570 | D        | Received a gift from Trog
   572 | D        | Killed a toenail golem
   575 | D        | Killed a toenail golem
   575 | D        | Gained mutation: Your flesh is heat resistant. (rF+)
                  | [demonic ancestry]
   575 | D        | Reached XP level 10. HP: 73/88 MP: 10/10
   578 | D        | Received a gift from Trog
   579 | D        | Found a transporter.
   586 | D        | Got the ring of Lies {Wiz Dex-4 Slay+5 Stlth+}
   702 | D        | Entered arena 11.
   704 | D        | Found a transporter.
   714 | D        | Received a gift from Trog
   714 | D        | HP: 1/88 [merfolk/+0 trident (17)]
   720 | D        | Received a gift from Trog
   747 | D        | Got the ring of Ciucs {Ice *Corrode rElec MR+ Slay+2}
   906 | D        | Entered arena 12.
   906 | D        | Noticed an orc warlord
   907 | D        | Noticed an orc warlord
   907 | D        | Identified the amulet "Qeirph" {rF+ Regen+}
   909 | D        | Noticed an orc knight
   928 | D        | Received a gift from Trog
   928 | D        | Killed an orc knight
   929 | D        | Slain by an orc warlord

Skill      XL: |  1  2  3  4  5  6  7  8  9 10 |
---------------+-------------------------------+-----
Long Blades    | 4 5 6 7 8 10 11 12 | 12.4
Armour         | 3 4 5 6 7 8 9 10 12 | 12.1
Dodging        | 4 5 6 7 8 10 11 12 | 12.4
Fighting       | 3 4 6 7 8 9 11 12 | 12.6
Throwing       | |  1.7

Action                   |  1- 3 |  4- 6 |  7- 9 | 10-12 || total
-------------------------+-------+-------+-------+-------++-------
Melee: Double sword      |     5 |     4 |    20 |    14 ||    43
       Kick              |     2 |     2 |     4 |     3 ||    11
       Headbutt          |       |       |     2 |     7 ||     9
       Demon blade       |       |       |       |     6 ||     6
Invok: Trog's Hand       |       |       |       |     1 ||     1
       Brothers in Arms  |       |       |       |     1 ||     1
Evoke: Phial of floods   |       |       |       |     2 ||     2
       Wand              |       |       |       |     1 ||     1
  Use: Potion            |     1 |       |       |     5 ||     6
Armor: Fire dragon scale |     2 |     5 |    13 |       ||    20
       Plate armour      |       |       |       |    16 ||    16
Dodge: Dodged            |     5 |    14 |    19 |    40 ||    78
       Rpst.: Double sword |     2 |     3 |     6 |       ||    11
